 Dungeon Crawl Stone Soup version 0.28-a0-10-g964c8b829e (webtiles) character file.

Game seed: 18192457134500713637

12 willcat the Sneak (level 2, -2/24 HPs)
             Began as a Human Delver on July 26, 2021.
             Succumbed to an adder's poison
             ... on level 3 of the Dungeon.
             The game lasted 00:02:41 (467 turns).

willcat the Sneak (Human Delver)                     Turns: 467, Time: 00:02:42

Health: -2/24      AC:  3    Str: 12    XL:     2   Next: 45%
Magic:  1/3        EV: 12    Int: 16    God:
Gold:   35         SH:  0    Dex: 14    Spells: 3/3 levels left

rFire   . . .      SeeInvis .   a - +0 mace
rCold   . . .      Faith    .   (no shield)
rNeg    . . .      Spirit   .   b - +0 leather armour
rPois   .          Reflect  .   (no helmet)
rElec   .          Harm     .   (no cloak)
rCorr   .          Rampage  .   (no gloves)
Will    .....                   (no boots)
Stlth   +++.......              (no amulet)
HPRegen 0.08/turn               h - +6 ring of intelligence
MPRegen 0.08/turn               (no ring)

@: lethally poisoned (-2 -> -12)
A: no striking features
a: no special abilities


You were on level 3 of the Dungeon.
You visited 1 branch of the dungeon, and saw 5 of its levels.

You collected 35 gold pieces.

Inventory:

Hand Weapons
 a - a +0 mace (weapon)
Armour
 b - a +0 leather armour (worn)
Jewellery
 h - a +6 ring of intelligence (left hand)
Wands
 g - a wand of digging (3)
Scrolls
 c - a scroll of fog
 d - a scroll of magic mapping
 e - a scroll of fear
 i - 2 scrolls of identify {unknown}
Potions
 f - a potion of haste


   Skills:
 - Level 3.0 Fighting
 + Level 2.5 Maces & Flails
 - Level 2.0 Dodging
 - Level 5.0 Stealth
 + Level 1.1 Spellcasting


You had 3 spell levels left.
You didn't know any spells.
Your spell library contained the following spells:

 Spells                   Type           Power      Damage    Failure   Level
 Stone Arrow              Conj/Erth      0%         3d7       65%         3
 Animate Armour           Summ/Erth      0%         N/A       96%         4
 Lehudib's Crystal Spear  Conj/Erth      0%         10d2      100%        8


Dungeon Overview and Level Annotations

Branches:
Dungeon (7/15)
 Temple: D:4-7

Altars:

Annotations:
D:5 Eustachio, Ijyb


Message History

You hit the bat.
The bat is moderately wounded.
The bat hits you but does no damage. The bat hits you but does no damage. x2
You hit the bat.
You kill the bat!
An adder comes into view.
You see here a bat corpse.
Found a glowing marble ring.
The adder hisses angrily.
Found a scroll labelled WOABEI HOUSEVU.
You see here a bat corpse.
Okay, then.
You miss the adder. The adder bites you. x2
You are poisoned.
The adder poisons you!
You hit the adder.
The adder is lightly wounded.
You feel sick. The adder bites you.
You are lethally poisoned!
The adder poisons you!
You hit the adder.
The adder is heavily wounded.
* * * LOW HITPOINT WARNING * * *
You feel very sick. The adder bites you.
* * * LOW HITPOINT WARNING * * *
You are more poisoned.
The adder poisons you! The adder barely misses you.
Okay, then.
You hit the adder.
You kill the adder!
* * * LOW HITPOINT WARNING * * *
You feel very sick.
Your Spellcasting skill increases to level 1!
You have reached level 2!
Unknown command.
Unknown command.
Unknown command.
You die...

##...#... #.
##....=... #.
#......... #.
......... ###.##
......... ##.....
#...?....
.###.....########..<.#
..........#...@†....#
..#.........######...#
..........## ....... .
###.....### ....... #
##.....## ..?.... #
#.......##.. ....... #
#....(......# .......
# ###...>...###.#
.......
###.............


There were no monsters in sight!

Vanquished Creatures
  An adder (D:3)
  A bat (D:3)
  A hobgoblin (D:3)
3 creatures vanquished.

Notes
Turn   | Place    | Note
-------+----------+-------------------------------------------
     0 | D:5      | willcat the Human Delver began the quest for the Orb.
     0 | D:5      | Reached XP level 1. HP: 18/18 MP: 1/1
   169 | D:5      | Noticed a lemure
   203 | D:5      | Noticed a sky beast
   308 | D:5      | Noticed a centaur
   331 | D:5      | Noticed Eustachio
   346 | D:5      | Noticed a scorpion
   359 | D:5      | Noticed Ijyb
   467 | D:3      | Reached skill level 1 in Spellcasting
   467 | D:3      | Reached XP level 2. HP: 1/24 MP: 1/3
   467 | D:3      | Succumbed to an adder's poison

Illustrated notes

Levels and vault maps discovered:
D:3:      layout_rooms, mainiacjoe_overflow_six_doors_small, serial_glass,
          glass_columns_b, glass_columns_a
D:4:      minmay_opposing_rooms, layout_basic, minitemple,
          minmay_temple_entry_gardened_gates, chequers_ossuary_entry_cave
D:5:      layout_basic, uniq_prince_ribbit1, uniq_eustachio, uniq_pikel,
          uniq_ijyb
D:6:      layout_loops_corners, gammafunk_ghost_smash, minmay_quadrilaterals,
          uniq_edmund, uniq_sigmund
D:7:      layout_rooms, minmay_fire_ice_demons

Skill      XL: |  1 |
---------------+----+-----
Spellcasting   | 1 |  1.1
Fighting       | |  3.0
Maces & Flails | |  2.5
Dodging        | |  2.0
Stealth        | |  5.0

Action                   || total
-------------------------++-------
Melee: Mace              ||    11
  Use: Potion            ||     2
       Scroll            ||     1
 Stab: Sleeping          ||     1
Armor: Leather armour    ||     3
Dodge: Dodged            ||     4

Table legend: (Time is in decaauts)
 A = Elapsed time spent in this place.
 B = Non-inter-level travel time spent in this place.
 C = Inter-level travel time spent in this place.
 D = Time resting spent in this place.
 E = Time spent auto-exploring this place.
 F = Levels seen in this place.
 G = Mean time per level.
                   A        B        C        D        E       F      G
               +--------+--------+--------+--------+--------+-----+--------+
         Total |    469 |    469 |      0 |      0 |     14 |   5 |   93.8 |
       Dungeon |    469 |    469 |      0 |      0 |     14 |   5 |   93.8 |
               +--------+--------+--------+--------+--------+-----+--------+

Top non-repeatable levels by time:
     D:5: 219 daAuts
     D:6: 113 daAuts
     D:3: 79 daAuts
     D:7: 49 daAuts
     D:4: 7 daAuts
